 Dungeon Crawl Stone Soup version 0.21-a0-509-gecc5317 (webtiles) character file.

460 Spazmo the Conjurer (level 6, -2/32 HPs)
             Began as a Deep Elf Conjurer on Nov 28, 2017.
             Slain by an ogre
             ... wielding a +0 giant club
              (8 damage)
             ... on level 4 of the Dungeon.
             The game lasted 00:09:41 (2819 turns).

Spazmo the Conjurer (Deep Elf Conjurer)             Turns: 2819, Time: 00:09:41

Health: -2/32      AC:  3    Str:  5    XL:     6   Next: 78%
Magic:  14/26      EV: 13    Int: 22    God:
Gold:   144        SH:  0    Dex: 15    Spells: 7/18 levels left

rFire    . . .     SeeInvis .   p - +3 dagger (speed)
rCold    . . .     Gourm    .   (no shield)
rNeg     . . .     Faith    .   a - +0 robe
rPois    .         Spirit   .   (no helmet)
rElec    .         Reflect  .   e - +0 cloak
rCorr    .         Harm     .   (no gloves)
MR       .....                  (no boots)
Stlth    ++........             (no amulet)
HPRegen  0.10/turn              m - ring of magical power
MPRegen  0.20/turn              (no ring)

@: very slightly contaminated
A: no striking features
a: no special abilities


You were on level 4 of the Dungeon.
You were not hungry.

You visited 1 branch of the dungeon, and saw 4 of its levels.

You collected 144 gold pieces.

Inventory:

Hand Weapons
 p - a +3 dagger of speed (weapon)
 s - a +0 blowgun
Missiles
 d - 164 stones (quivered)
 h - 6 needles of sleeping
 u - 15 poisoned needles
Armour
 a - a +0 robe (worn)
 e - a +0 cloak (worn)
Jewellery
 m - a ring of magical power (left hand)
Wands
 n - a wand of acid (3)
Scrolls
 f - a scroll of enchant weapon
 k - 2 scrolls of remove curse
 t - a scroll of teleportation
 v - a scroll of amnesia {unknown}
Potions
 g - a potion of cancellation {unknown}
 i - a potion of agility
 j - a potion of degeneration {unknown}
 q - a potion of curing
 r - a potion of ambrosia {unknown}
Books
 b - a book of Conjurations

   Spells                             Type                      Level
   a - Magic Dart                     Conjuration                  1
   b - Searing Ray                    Conjuration                  2
   c - Dazzling Spray                 Conjuration/Hexes            3
   d - Fulminant Prism                Conjuration/Hexes            4
   e - Force Lance                    Conjuration/Translocation    4
   f - Iskenderun's Mystic Blast      Conjuration                  4
Comestibles
 c - 4 bread rations
 l - 2 meat rations
 o - a royal jelly
 w - a chunk of flesh


   Skills:
 - Level 3.0 Dodging
 - Level 3.1 Stealth
 + Level 6.9 Spellcasting
 + Level 6.9 Conjurations


You had 7 spell levels left.
You knew the following spells:

 Your Spells              Type           Power        Failure   Level  Hunger
a - Magic Dart            Conj           ####         1%          1    None
b - Searing Ray           Conj           #####.       1%          2    None
c - Force Lance           Conj/Tloc      ###.....     21%         4    ###....
d - Iskenderun's Mystic   Conj           #####...     4%          4    ###....


Dungeon Overview and Level Annotations

Branches:
Dungeon (4/15)
 Temple: D:4-7

Altars:
Cheibriados
Xom


Message History

The scorpion stings you!
The searing ray hits the scorpion.
You kill the scorpion!
The searing ray hits the ogre.
The ogre is moderately wounded.
The ogre hits you with a giant club.
* * * LOW HITPOINT WARNING * * *
The searing ray hits the ogre.
The ogre is severely wounded.
You finish channeling your searing ray.
You see here a giant club.
Casting: Searing Ray
Confirm with . or Enter, or press ? or * to list all spells.
Aiming: Force Lance
Press: ? - help, Shift-Dir - straight line, f - ogre
Aim: an ogre, wielding a giant club (severely wounded)
You miscast Force Lance.
You are very lightly contaminated with residual magic.
You feel a wrenching sensation. The ogre hits you with a giant club!
You die...

#.#### s..... #.##.##
..!./.#
#.#...####.........##
#........+...........
#.#...####..l(......#
#.##.## s.....[#.#
#....# ..... #.#
####.# .O. #.. #@#
#s# #.# #O# #.# ##.#
#.#########.###..#
#.........#.##....
#########.........
#......... #...<.....
#.#.#....# #.......##


You could see an ogre.

Vanquished Creatures
  An ogre (D:4)
  A scorpion (D:4)
  A crimson imp (D:3)
  3 jellies (D:3)
  A hound (D:3)
  2 adders
  A shadow imp (D:2)
  8 oozes (D:3)
  3 worms
  2 dart slugs
  4 leopard geckos
  2 orcs (D:3)
  11 bats
  3 giant cockroaches
  10 goblins
  15 hobgoblins
  3 jackals (D:1)
  3 quokkas
  2 ball pythons
  4 frilled lizards
  14 kobolds
  7 rats
101 creatures vanquished.

Vanquished Creatures (others)
  A fungus (D:3)
  11 toadstools (D:3)
12 creatures vanquished.

Grand Total: 113 creatures vanquished

Notes
Turn   | Place    | Note
-------+----------+-------------------------------------------
     0 | D:1      | Spazmo the Deep Elf Conjurer began the quest for the Orb.
     0 | D:1      | Reached XP level 1. HP: 10/10 MP: 6/6
   186 | D:1      | Reached XP level 2. HP: 15/15 MP: 4/8
   255 | D:1      | Learned a level 2 spell: Searing Ray
   559 | D:1      | Reached XP level 3. HP: 19/19 MP: 5/10
   983 | D:2      | Reached skill level 5 in Conjurations
  1121 | D:2      | Reached XP level 4. HP: 24/24 MP: 12/12
  1127 | D:2      | Learned a level 4 spell: Force Lance
  1132 | D:2      | Learned a level 4 spell: Iskenderun's Mystic Blast
  1287 | D:2      | Found a shimmering altar of Xom.
  1287 | D:2      | Found a snail-covered altar of Cheibriados.
  1944 | D:3      | Reached skill level 5 in Spellcasting
  1944 | D:3      | Reached XP level 5. HP: 26/28 MP: 10/14
  2359 | D:3      | Reached XP level 6. HP: 26/32 MP: 16/17
  2437 | D:3      | Upgraded the game from 0.21-a0-508-gf08a75f to 0.21-a0-509-gecc5317
  2819 | D:4      | Slain by an ogre

Vault maps used:
D:1:      roderic_chinese_lattice_arrival
D:2:      gammafunk_temple_overflow_wave
D:3:      cheibrodos_fertilizer, first_bread, kennysheep_boxes
D:4:      eat_drink_and_be_merry_uskayaw

Skill      XL: |  1  2  3  4  5 |
---------------+----------------+-----
Stealth        | 3 |  3.1
Dodging        | 3 |  3.0
Spellcasting   | 4 5 6 |  6.9
Conjurations   | 5 6 |  6.9

Action                   |  1- 3 |  4- 6 || total
-------------------------+-------+-------++-------
 Cast: Magic Dart        |    72 |   131 ||   203
       Searing Ray       |     1 |     5 ||     6
       Force Lance       |       |     1 ||     1
  Use: Scroll            |       |     6 ||     6
       Potion            |       |     2 ||     2
  Eat: Chunk             |       |     4 ||     4
       Royal jelly       |       |     1 ||     1
Armor: Robe              |     2 |     3 ||     5
Dodge: Dodged            |     4 |    19 ||    23

Table legend:
 A = Spawn XP
 B = Non-spawn XP
 C = Spawn XP percentage of total XP
 D = Spawn monster count
 E = Non-spawn monster count
 F = Spawn count percentage of total count
 G = Total turns spent on level
                    A         B        C        D         E        F      G
               +---------+---------+-------+---------+---------+-------+---------
         Total |       0 |     658 |   0.0 |       0 |     101 |   0.0 |  2819
               +---------+---------+-------+---------+---------+-------+---------
           D:1 |       0 |      47 |   0.0 |       0 |      27 |   0.0 |   862
           D:2 |       0 |      91 |   0.0 |       0 |      36 |   0.0 |   909
           D:3 |       0 |     317 |   0.0 |       0 |      35 |   0.0 |   888
           D:4 |       0 |     203 |   0.0 |       0 |       3 |   0.0 |   160
               +---------+---------+-------+---------+---------+-------+---------
